 Dungeon Crawl Stone Soup version 0.30.1-9-gdf580d7c3d (webtiles) character file.

Game seed: 14420408658304316115

666 KevinSullivan the Insei (level 7, -1/51 HPs)
             Began as a Demonspawn Transmuter on Oct 10, 2023.
             Slain by a kobold brigand
             ... wielding a +0 whip
              (7 damage)
             ... in a sewer.
             The game lasted 00:13:03 (2212 turns).

KevinSullivan the Insei (Demonspawn Transmuter)     Turns: 2212, Time: 00:13:04

Health: -1/51      AC:  3    Str: 12    XL:     7   Next: 31%
Magic:  8/12       EV: 12    Int: 15    God:
Gold:   95         SH:  0    Dex: 13    Spells: 3/13 levels left

rFire   + .          .
                       - Unarmed
rCold   . . .        (no shield)
rNeg    . . .        a - +1 robe
rPois   .            (helmet currently unavailable)
rElec   .            (no cloak)
rCorr   .            (no gloves)
SInv    .            (boots currently unavailable)
Will    .....        (no amulet)
Stlth   +            d - ring of protection from fire
HPRegen 0.28/turn    (no ring)
MPRegen 0.26/turn

%: no passive effects
@: appendages, wereblooded (expiring), very slightly contaminated, slowed, very
slow
A: horns 2, talons 2, hooves 1, spiny 1, magic regeneration
a: End Transformation


You were in a sewer.
You had temporarily grown beastly horns and talons.
You visited 1 branch of the dungeon, and saw 3 of its levels.
You also visited: Sewer.

You collected 95 gold pieces.

Inventory:

Missiles
 b - 3 curare-tipped darts (quivered)
Armour
 a - a +1 robe (worn)
Jewellery
 d - a ring of protection from fire (left hand)
Wands
 c - a wand of digging (7)
Scrolls
 l - a scroll of enchant weapon
Potions
 e - a potion of brilliance


   Skills:
 * Level 2.3 Fighting
 * Level 1.1 Throwing
 * Level 1.6 Armour
 * Level 2.5 Dodging
 * Level 1.7 Stealth
 * Level 3.7 Unarmed Combat
 * Level 3.6 Spellcasting
 * Level 3.4 Transmutations
 * Level 1.2 Ice Magic
 * Level 1.5 Poison Magic
 * Level 1.5 Evocations


You had 3 spell levels left.
You knew the following spells:

 Your Spells              Type           Power      Damage    Failure   Level
a - Beastly Appendage     Tmut           26%        N/A       4%          1
b - Wereblood             Tmut           13%        N/A       7%          2
c - Spider Form           Tmut/Pois      10%        N/A       21%         3
d - Ice Form              Ice/Tmut       9%         N/A       58%         4

Your spell library contained the following spells:

 Spells                   Type           Power      Damage    Failure   Level


Dungeon Overview and Level Annotations

Branches:
Dungeon (3/15)              Sewer (1/1)

Altars:


Innate Abilities, Weirdness & Mutations

You have temporarily grown beastly horns and talons.
You have large cloven feet.
You are partially covered in sharp spines.
You regenerate magic rapidly.


Message History

You are poisoned.
You have difficulty breathing.
You feel yourself slow down.
Your transformation is almost over.
You feel extremely sick.
You hit the kobold brigand.
The kobold brigand is poisoned.
The kobold brigand is lightly wounded.
You feel very sick.
The kobold brigand splashes around in the water.
The kobold brigand hits you with a +0 short sword.
You hit the kobold brigand but do no damage.
The kobold brigand looks as sick as possible!
The kobold brigand is lightly wounded.
You feel very sick. The kobold brigand misses you.
You barely miss the kobold brigand.
The kobold brigand is heavily wounded.
You feel very sick. The kobold brigand barely misses you.
Your unstable footing causes you to fumble your attack.
You feel sick. The kobold brigand closely misses you.
The kobold brigand hits you with a +0 short sword.
* * * LOW HITPOINT WARNING * * *
Your transformation has ended.
Your +1 robe unmelds from your body.
You feel very sick.
You kill the kobold brigand!
You hear a splash. x2
Casting: Spider Form (dangerous; 21% risk of failure)
Confirm with . or Enter, or press ? or * to list all spells.
You grow a pair of large bovine horns.
Your feet morph into talons.
Your primal bloodlust is almost over.
You feel sick.
You are no longer poisoned.
The kobold brigand is struck by your spines.
The kobold brigand hits you with a +0 whip.
* * * LOW HITPOINT WARNING * * *
Your unstable footing causes you to fumble your attack.
The kobold brigand is struck by your spines.
The kobold brigand hits you with a +0 whip!
You die...

#. .# #~ ~# #~ ~# ~# #~#~# #~
~~. ~~ #~# .# #)# ~# ###
#K###~# #.# #@~..~# #)#
##~.~## #)# #~~.# #.# #.~~#
#.# #~.~## ########.# #~~..##
#. #.~~~~##.## #.~~..#####.~
#####~.~~~########....~~~~~.~
#
#.~~~~###~.~...~####~~..~~~~~
##


You could see a kobold brigand.

Vanquished Creatures
  8 kobold brigands (Sewer)
  2 adders
  4 river rats
  A worm (D:3)
  A dart slug (D:3)
  2 orcs (D:3)
  2 bats
  6 endoplasms
  A giant cockroach (D:3)
  3 hobgoblins
  3 jackals (D:3)
  3 quokkas
  6 ball pythons
  A frilled lizard (D:3)
  5 goblins
  8 kobolds
  8 rats
64 creatures vanquished.

Notes
Turn   | Place    | Note
-------+----------+-------------------------------------------
     0 | D:1      | KevinSullivan the Demonspawn Transmuter began the quest for
                  | the Orb.
     0 | D:1      | Reached XP level 1. HP: 15/15 MP: 3/3
   331 | D:1      | Gained mutation: You are partially covered in sharp spines.
                  | [demonic ancestry]
   331 | D:1      | Reached XP level 2. HP: 21/21 MP: 3/5
   340 | D:1      | Learned a level 2 spell: Wereblood
   650 | D:2      | Reached XP level 3. HP: 26/26 MP: 2/6
   654 | D:2      | Learned a level 3 spell: Spider Form
   913 | D:3      | Reached XP level 4. HP: 32/32 MP: 4/7
   940 | D:3      | HP: 1/32 [river rat (9)]
   946 | D:3      | Found a glowing drain.
   950 | Sewer    | Entered a sewer
  1143 | Sewer    | Noticed a kobold brigand
  1165 | Sewer    | Killed a kobold brigand
  1166 | Sewer    | Reached skill level 1 in Stealth
  1166 | Sewer    | Gained mutation: You regenerate magic rapidly. [demonic
                  | ancestry]
  1166 | Sewer    | Reached XP level 5. HP: 10/38 MP: 3/9
  1295 | Sewer    | Reached skill level 1 in Armour
  1295 | Sewer    | Reached skill level 1 in Poison Magic
  1504 | Sewer    | Learned a level 4 spell: Ice Form
  1642 | Sewer    | Reached skill level 1 in Evocations
  1642 | Sewer    | Gained mutation: You have large cloven feet. [demonic
                  | ancestry]
  1642 | Sewer    | Reached XP level 6. HP: 25/44 MP: 3/10
  1982 | Sewer    | Reached skill level 1 in Throwing
  1982 | Sewer    | Reached skill level 1 in Ice Magic
  1982 | Sewer    | Reached XP level 7. HP: 16/50 MP: 9/12
  2212 | Sewer    | Slain by a kobold brigand

Illustrated notes

Levels and vault maps discovered:
D:1:      spicycebolla_arrival_ecumenical, layout_loops_ring
D:2:      layout_rooms
D:3:      layout_loops_ring, gup_sewer_entry_spiral, mrwooster_statue_mirror
Sewer:    sewer_co_tree

Skill      XL: |  1  2  3  4  5  6 |
---------------+-------------------+-----
Transmutations | 2 3 |  3.4
Unarmed Combat | 3 |  3.7
Dodging        | 2 |  2.5
Stealth        | 1 |  1.7
Fighting       | 2 |  2.3
Armour         | 1 |  1.6
Spellcasting   | 3 |  3.6
Poison Magic   | 1 |  1.5
Evocations     | 1 |  1.5
Throwing       | 1 |  1.1
Ice Magic      | 1 |  1.2

Action                     |  1- 3 |  4- 6 |  7- 9 || total
---------------------------+-------+-------+-------++-------
  Melee: Unarmed           |    67 |    71 |     8 ||   146
         Kick              |    17 |     7 |       ||    24
         Headbutt          |    10 |     1 |       ||    11
         Punch             |       |     1 |       ||     1
  Throw: Dart              |       |     2 |       ||     2
   Cast: Beastly Appendage |    20 |     7 |     1 ||    28
         Wereblood         |    10 |     8 |     1 ||    19
         Spider Form       |       |    10 |     1 ||    11
  Evoke: Wand              |       |     1 |       ||     1
    Use: Scroll            |     7 |       |       ||     7
         Potion            |     2 |     2 |       ||     4
   Stab: Sleeping          |       |     1 |       ||     1
 Armour: Robe              |    12 |     5 |       ||    17
         Skin              |     1 |     2 |     1 ||     4
  Dodge: Dodged            |    42 |    55 |     9 ||   106
